 Dungeon Crawl Stone Soup version 0.27-a0-1500-g450c7e4133 (webtiles) character file.

Game seed: 11044770186521326788

121 Sobieck the Magician (level 5, -1/35 HPs)
             Began as a Djinni Venom Mage on July 7, 2021.
             Slain by a phantom (6 damage)
             ... on level 4 of the Dungeon.
             The game lasted 00:08:28 (4326 turns).

Sobieck the Magician (Djinni Venom Mage)            Turns: 4326, Time: 00:08:28

Health: -1/35      AC:  3    Str:  7    XL:     5   Next: 26%
Gold:   169        EV: 16    Int: 18    God:
                   SH:  5    Dex: 13

rFire    + + .     SeeInvis .   q - +2 whip (pain) {mace}
rCold    x . .     Faith    .   (no shield)
rNeg     . . .     Spirit   .   a - +0 robe rPois โˆž Reflect +
                                r - +0 helmet
rElec    .         Harm     .   (no cloak)
rCorr    .         Rampage  .   (no gloves)
Will     .....                  (boots unavailable)
Stlth    ++........             e - amulet of reflection
HPRegen  0.11/turn              l - +4 ring of evasion
MPRegen  0.00/turn              (no ring)

@: flying
A: sickness immunity, fire resistance 2, cold vulnerability 1, float, innate
caster, hp casting, extra vitality 1
a: no special abilities


You were on level 4 of the Dungeon.
You visited 1 branch of the dungeon, and saw 5 of its levels.

You collected 169 gold pieces.


Innate Abilities, Weirdness & Mutations

You are immune to sickness and miasma.
You are immune to poison.
Your flesh is very heat resistant. (rF++)
You are vulnerable to cold. (rC-)
You float through the air rather than walking.
You learn spells naturally, not from books.
Your magical power is your life essence.
You have superior vitality. (+4 HP)


   Skills:
 - Level 2.1 Dodging
 - Level 1.5 Stealth
 + Level 4.3 Spellcasting


You couldn't memorise any spells.
You knew the following spells:

 Your Spells              Type           Power      Damage    Failure   Level
a - Sting                 Tmut/Pois      76%        1d6       2%          1
b - Poisonous Vapours     Pois/Air       38%        N/A       3%          2
c - Mephitic Cloud        Conj/Pois/Air  19%        N/A       7%          3
d - Olgreb's Toxic Radia  Pois           19%        N/A       24%         4
e - Animate Skeleton      Necr           38%        N/A       2%          1
f - Static Discharge      Conj/Air       19%        N/A       3%          2
Your spell library was empty.

Inventory:

Hand Weapons
 c - a +0 club {mace}
   (You found it on level 1 of the Dungeon)
 p - a +0 broad axe {axe}
   (You found it on level 3 of the Dungeon)
 q - a +2 whip of pain (weapon) {mace}
   (You took it off Robin on level 2 of the Dungeon)
Missiles
 f - 96 stones {throwing}
 i - 84 arrows
 o - 9 sling bullets
Armour
 a - a +0 robe (worn)
 d - a +0 buckler
   (You found it on level 1 of the Dungeon)
 r - a +0 helmet (worn)
   (You took it off Robin on level 2 of the Dungeon)
Jewellery
 e - an amulet of reflection (around neck)
   (You found it on level 1 of the Dungeon)
 l - a +4 ring of evasion (left hand)
   (You found it on level 1 of the Dungeon)
 t - an amulet of faith {!P}
   (You found it on level 3 of the Dungeon)
 u - a ring of flight
   (You found it on level 3 of the Dungeon)
Scrolls
 h - 3 scrolls of brand weapon {unknown}
 j - a scroll of fog {unknown}
 k - a scroll of enchant weapon {unknown}
 n - 2 scrolls of magic mapping {unknown}
 s - 3 scrolls of identify {unknown}
 v - 2 scrolls of amnesia {unknown}
 w - a scroll of summoning {unknown}
Potions
 b - a potion of attraction {unknown}
 g - a potion of heal wounds {unknown}
 m - 4 potions of curing {unknown}
 x - a potion of magic {unknown}

Dungeon Overview and Level Annotations

Branches:
Dungeon (5/15)
 Temple: D:4-7

Altars:
Ashenzari
Wu Jian

Shops:
D:3 =

Annotations:
D:3 Grinder

######### .....ยง..#
#######.##############
#...ยง..>.W@..<.##########
#..###########..........#
#..# ##########.# #..#
####.# #..#
#############....# #..#
#.............#..# #..#
#.###########....# #.<#
#.# ##.#.# #..# #.# #
#....#


You could see a phantom.


Message History

w - a scroll labelled TAUBUL VOBEOM
v - 2 scrolls labelled QEFFUF IHIPIA (gained 1)
A giant cockroach comes into view.
The sting hits the giant cockroach but does no damage.
The giant cockroach is poisoned. ๐Ÿ˜• HP[-1]
You take 1 damage, and now have 34/35 hp.
Casting: Sting (safe; 2% risk of failure)
Confirm with . or Enter, or press ? or * to list all spells.
Okay, then.
Sorry, you're not good enough to have a special ability.
Unknown command.
Unknown command.
A giant cockroach is nearby!
You hit the giant cockroach but do no damage.
You kill the giant cockroach!
No target in view!
x - a bubbling inky potion ๐Ÿ˜Ž HP[+1]
Your hp is fully restored (35).
You see here a +0 robe.
You now have 124 gold pieces (gained 13).
You now have 132 gold pieces (gained 8).
f - 96 stones {throwing} (gained 19)
You now have 148 gold pieces (gained 16).
You now have 151 gold pieces (gained 3).
You now have 169 gold pieces (gained 18).
A phantom comes into view.
Casting: Sting (safe; 2% risk of failure)
Confirm with . or Enter, or press ? or * to list all spells.
Okay, then.
You miss the phantom. The phantom misses you.
You barely miss the phantom. You block the phantom's attack.
You hit the phantom. The phantom hits you!
The phantom blinks!
You blink. ๐Ÿ˜• HP[-8]
You take 8 damage, and now have 27/35 hp.
MASSIVE DAMAGE!! (PAUSE)
You need no library to learn spells.
Unknown command.
Casting: Sting (safe; 2% risk of failure)
Confirm with . or Enter, or press ? or * to list all spells.
Okay, then.
You need no library to learn spells.
Unknown command.
You need no library to learn spells.
Unknown command.
Unknown command.
You hit the phantom. You block the phantom's attack.
You closely miss the phantom.
You block the phantom's attack. ๐Ÿ˜• HP[+1]
You barely miss the phantom. The phantom hits you.
The phantom blinks!
You blink. ๐Ÿ˜ฎ HP[-4]
You take 4 damage, and now have 24/35 hp.
You hit the phantom. You block the phantom's attack.
You hit the phantom. The phantom barely misses you.
You closely miss the phantom. The phantom completely misses you.
You hit the phantom but do no damage. The phantom hits you!
* * * LOW HITPOINT WARNING * * *
The phantom blinks!
You blink.
The phantom barely misses you. ๐Ÿ˜จ HP[-8]
You take 8 damage, and now have 16/35 hp.
MASSIVE DAMAGE!! (PAUSE)
You hit the phantom but do no damage.
The phantom hits you but does no damage.
You hit the phantom. The phantom barely misses you.
You miss the phantom. The phantom hits you.
* * * LOW HITPOINT WARNING * * *
๐Ÿ˜จ HP[-4]
You take 4 damage, and now have 12/35 hp.
You hit the phantom.
The phantom hits you but does no damage.
Unknown command.
You hit the phantom but do no damage. You block the phantom's attack.
You miss the phantom. The phantom misses you.
You hit the phantom. The phantom barely misses you.
You hit the phantom. The phantom closely misses you.
You barely miss the phantom. The phantom hits you.
* * * LOW HITPOINT WARNING * * *
๐Ÿ˜จ HP[-2]
You take 2 damage, and now have 10/35 hp.
You hit the phantom. The phantom closely misses you. The phantom hits you.
* * * LOW HITPOINT WARNING * * *
๐Ÿ˜ฑ HP[-3]
You take 3 damage, and now have 7/35 hp.
You barely miss the phantom.
The phantom barely misses you. ๐Ÿ˜ฑ HP[+1] Unknown command.
You hit the phantom. The phantom hits you.
* * * LOW HITPOINT WARNING * * *
The phantom blinks!
You blink. ๐Ÿ˜ฑ HP[-3]
You take 3 damage, and now have 5/35 hp.
You barely miss the phantom. The phantom closely misses you.
You closely miss the phantom. The phantom hits you.
You die...

Skill      XL: |  1  2  3  4 |
---------------+-------------+-----
Spellcasting   | 3 4 |  4.3
Dodging        | |  2.1
Stealth        | |  1.5

Action                   |  1- 3 |  4- 6 || total
-------------------------+-------+-------++-------
Melee: Club              |    14 |     8 ||    22
       Broad axe         |       |     7 ||     7
       Whip              |       |    66 ||    66
 Cast: Sting             |    41 |    35 ||    76
       Olgreb's Toxic Ra |       |     1 ||     1
       Mephitic Cloud    |       |     1 ||     1
Armor: Robe              |     6 |    23 ||    29
Dodge: Dodged            |    15 |    83 ||    98
Block: Other             |     1 |    33 ||    34
       Reflection        |     1 |       ||     1

Levels and vault maps discovered:
D:1:      eino_arrival_cavern_a, layout_loops_ring,
          chequers_ecumenical_altar_simple, chequers_jeans
D:2:      layout_rooms, amcnicky_mini_rare_corridor_liquid,
          chequers_serial_rivers_room_a
D:3:      layout_basic, grunt_ashenzari_visionary
          [grunt_ashenzari_visionary_shoals, grunt_ashenzari_visionary_snake],
          nicolae_wu_jian_immortal_techniques, serial_shops, shop,
          palyth_stone_intersect, hangedman_decor_slide_cut, uniq_robin,
          uniq_grinder
D:4:      layout_loops_ring, kennysheep_mini_moat,
          nicolae_overflow_crystal_walls, serial_aquarium,
          aquarium_bridge_long_joined [aquarium_subvault_window,
          aquarium_subvault_window, aquarium_subvault_balcony,
          aquarium_subvault_bridge, aquarium_subvault_window,
          aquarium_subvault_bridge], aquarium_bridge_square
          [aquarium_subvault_wall, aquarium_subvault_bridge,
          aquarium_subvault_wall, aquarium_subvault_window],
          aquarium_window_fake, aquarium_window_1, aquarium_view_2c,
          aquarium_balcony_3a, uniq_ijyb
D:5:      layout_gridville, lemuel_round_altar, dk_noncrumbling_3,
          kennysheep_nub, uniq_blork_the_orc

Notes
Turn   | Place    | Note
-------+----------+-------------------------------------------
     0 | D:1      | Sobieck the Djinni Venom Mage began the quest for the Orb.
     0 | D:1      | Reached XP level 1. HP: 15/15 MP: 0/0
     0 | D:1      | magus.rc [v1.9.6]
   379 | D:1      | Reached XP level 2. HP: 14/21 MP: 0/0
   666 | D:1      | Reached skill level 3 in Spellcasting
   766 | D:1      | Found a faded altar of an unknown god.
   787 | D:1      | Reached XP level 3. HP: 11/25 MP: 0/0
   787 | D:1      | Learned a level 1 spell: Animate Skeleton
  1318 | D:1      | Reached XP level 4. HP: 27/31 MP: 0/0
  2614 | D:3      | Noticed Robin
  2618 | D:3      | Reached skill level 4 in Spellcasting
  2864 | D:2      | Killed Robin
  2865 | D:2      | Reached XP level 5. HP: 24/35 MP: 0/0
  2865 | D:2      | Learned a level 2 spell: Static Discharge
  3221 | D:3      | Noticed Grinder
  3420 | D:3      | Found a broken altar of Ashenzari.
  3424 | D:3      | Saw a vision of the Shoals and the Snake Pit.
  3424 | D:3      | Noticed a naga mage
  3424 | D:3      | Noticed a black mamba
  3424 | D:3      | Noticed a black mamba
  3424 | D:3      | Noticed a mana viper
  3424 | D:3      | Noticed a merfolk siren
  3424 | D:3      | Noticed a merfolk siren
  3424 | D:3      | Noticed a sea snake
  3424 | D:3      | Noticed a merfolk
  3424 | D:3      | Noticed a wind drake
  3425 | D:3      | Noticed a merfolk siren
  3443 | D:3      | Found Tylumyar's Jewellery Emporium.
  3506 | D:5      | Entered Level 5 of the Dungeon
  3567 | D:3      | Found an ornate altar of the Wu Jian Council.
  4298 | D:4      | Noticed a phantom
  4322 | D:4      | HP: 7/35 [phantom (3)]
  4326 | D:4      | Slain by a phantom

Vanquished Creatures
  Robin (D:2)
  4 adders
  A dart slug (D:1)
  7 ball pythons
  3 bats
  10 endoplasms
  2 giant cockroaches
  9 goblins
  9 hobgoblins
  3 jackals (D:3)
  7 kobolds
  3 quokkas
  A frilled lizard (D:3)
  3 rats
63 creatures vanquished.

Vanquished Creatures (others)
  22 fungi (D:4)
22 creatures vanquished.

Grand Total: 85 creatures vanquished

Table legend:
 A = Non-vault XP
 B = Vault XP
 C = Vault XP percentage of total XP
 D = Non-vault monster count
 E = Vault monster count
 F = Vault count percentage of total count
                 A         B        C        D         E       F
            +---------+---------+-------+---------+---------+-------
      Total |     136 |      38 |  21.8 |      50 |      13 |  20.6
            +---------+---------+-------+---------+---------+-------
        D:1 |      60 |       0 |   0.0 |      19 |       0 |   0.0
        D:2 |      51 |      21 |  29.2 |      16 |       4 |  20.0
        D:3 |      23 |      17 |  42.5 |      14 |       9 |  39.1
        D:4 |       2 |       0 |   0.0 |       1 |       0 |   0.0
            +---------+---------+-------+---------+---------+-------

Illustrated notes

Table legend:
 A = Kills in this place as a percentage of kills in entire the game.
 B = Kills by you in this place as a percentage of kills by you in the entire game.
 C = Kills by friends in this place as a percentage of kills by friends in the entire game.
 D = Other kills in this place as a percentage of other kills in the entire game.
 E = Experience gained in this place as a percentage of experience gained in the entire game.
 F = Experience gained in this place divided by the number of levels of this place that you have seen.
                   A       B       C       D       E      F
               +-------+-------+-------+-------+-------+----------------------
         Total | 100.0 | 100.0 |   N/A |   N/A | 100.0 |  34.8
       Dungeon | 100.0 | 100.0 |   N/A |   N/A | 100.0 |  34.8
               +-------+-------+-------+-------+-------+----------------------

Table legend: (Time is in decaauts)
 A = Elapsed time spent in this place.
 B = Non-inter-level travel time spent in this place.
 C = Inter-level travel time spent in this place.
 D = Time resting spent in this place.
 E = Time spent auto-exploring this place.
 F = Levels seen in this place.
 G = Mean time per level.
                   A        B        C        D        E       F      G
               +--------+--------+--------+--------+--------+-----+--------+
         Total |   4355 |   4160 |    195 |   1115 |   2436 |   5 |  871.0 |
       Dungeon |   4355 |   4160 |    195 |   1115 |   2436 |   5 |  871.0 |
               +--------+--------+--------+--------+--------+-----+--------+

Top non-repeatable levels by time:
     D:1: 1826 daAuts
     D:3: 1255 daAuts
     D:2: 1016 daAuts
     D:4: 256 daAuts
     D:5: 1 daAuts
